 Dungeon Crawl Stone Soup version 0.31-a0-986-g5e6e4ef867 (webtiles) character file.

Game seed: 14211404424996742689

39 Xavori the Trooper (level 3, -5/30 HPs)
             Began as a Djinni Chaos Knight on Nov 7, 2023.
             Was a Plaything of Xom.
             Slain by a gnoll
             ... wielding a +0 club
              (6 damage)
             ... on level 2 of the Dungeon.
             The game lasted 00:01:16 (992 turns).

Xavori the Trooper (Djinni Chaos Knight)             Turns: 992, Time: 00:01:17

Health: -5/30      AC:  6    Str: 11    XL:     3   Next: 67%
Gold:   38         EV: 12    Int: 13    God:    Xom [..*...] SH:  0 Dex: 14

rFire   + + .        a - +0 falchion (chaos)
rCold   x . .        (no shield)
rNeg    . . .        b - +2 leather armour
rPois   ∞            g - +1 hat
rElec   .            (no cloak)
rCorr   .            (no gloves)
SInv    .            (boots unavailable)
Will    .....        (no amulet)
Stlth   +            (no ring)
HPRegen 0.25/turn    (no ring)
MPRegen 0.00/turn

%: infuse magic (-6 HP)
@: flying, invisible
A: sickness immunity, fire resistance 2, cold vulnerability 1, float, innate
caster, HP casting, extra vitality 1
a: Renounce Religion


You were on level 2 of the Dungeon.
You worshipped Xom.
You were a toy of Xom.
You visited 1 branch of the dungeon, and saw 2 of its levels.

You collected 38 gold pieces.

Inventory:

Hand Weapons
 a - a +0 falchion of chaos (weapon)
Armour
 b - a +2 leather armour (worn)
 g - a +1 hat (worn)
Scrolls
 c - a scroll of butterflies
 f - a scroll of fog {unknown}
Potions
 d - a potion of attraction {unknown}
 e - a potion of mutation {unknown}


   Skills:
 + Level 3.2 Fighting
 + Level 3.0 Long Blades
 + Level 1.5 Armour
 + Level 2.6 Dodging
 * Level 1.0 Spellcasting
 * Level 1.0 Conjurations
 * Level 1.0 Hexes
   Level 0.0 Charms
 * Level 1.0 Summonings
 * Level 1.0 Necromancy
 * Level 1.0 Translocations
 * Level 1.0 Transmutations
 * Level 1.0 Fire Magic
 * Level 1.0 Ice Magic
 * Level 1.0 Air Magic
 * Level 1.0 Earth Magic
 * Level 1.0 Poison Magic


You knew the following spells:

 Your Spells              Type           Power      Damage    Failure   Level
a - Freeze                Ice            12%        1d3       24%         1
Your spell library was empty.

Dungeon Overview and Level Annotations

Branches:
Dungeon (2/15)

Altars:


Innate Abilities, Weirdness & Mutations

You are immune to sickness and miasma.
You are immune to poison.
Your flesh is very heat resistant. (rF++)
You are vulnerable to cold. (rC-)
You float through the air rather than walking.
You learn spells naturally, not from books.
Your magical power is your life essence.
You have superior vitality. (+4 MHP)


Message History

Your Air Magic skill increases to level 1!
Your Earth Magic skill increases to level 1!
Your Poison Magic skill increases to level 1!
Unknown command.
An endoplasm comes into view.
The gnoll hits you with a +0 whip!
The endoplasm moves out of view.
You see here a +0 dagger.
Unknown command.
You hit the gnoll.
The gnoll seems to slow down.
The gnoll is moderately wounded.
The gnoll barely misses you.
Unknown command.
You hit the gnoll.
The gnoll suddenly seems more agile.
The gnoll is severely wounded.
The gnoll barely misses you. The gnoll hits you with a +0 whip.
The gnoll closely misses you.
Unknown command.
Unknown command.
You closely miss the gnoll.
The gnoll is severely wounded.
The gnoll hits you with a +0 whip.
You barely miss the gnoll.
The gnoll is severely wounded.
The gnoll hits you but does no damage.
Unknown command.
Unknown command.
You catch the helpless gnoll completely off-guard!
You hit the gnoll.
The gnoll is poisoned.
The gnoll is severely wounded.
The gnoll barely misses you.
You closely miss the gnoll.
The gnoll is no longer moving slowly.
The gnoll hits you from afar with a +0 halberd!
* * * LOW HITPOINT WARNING * * *
The gnoll hits you with a +0 club!
* * * LOW HITPOINT WARNING * * *
Unknown command.
You kill the gnoll!
The gnoll hits you with a +0 club.
You die...
Xom cackles wildly!

#..(....#
###.#.....###
#...#.......#
#####.......# .
#.......#
#####.#.......#
#...#.#.#.....#
..#...###.#####
.......@....###
.###...gg...!...
##...)........
#.g......~~..
#.......~..~.
#~...~~..~..~~
#~~..~..~..~..~
#~~..~..J⌠.~..
#~~...~.⌠~..~


You could see 3 gnolls and an endoplasm (wandering).

Vanquished Creatures
  A gnoll (D:2)
  An adder (D:2)
  A dart slug (D:1)
  3 endoplasms
  2 giant cockroaches (D:1)
  4 goblins
  4 hobgoblins (D:1)
  A quokka (D:1)
  4 ball pythons (D:1)
  3 bats (D:1)
  A kobold (D:1)
  2 rats (D:1)
27 creatures vanquished.

Notes
Turn   | Place    | Note
-------+----------+-------------------------------------------
     0 | D:1      | Xavori the Djinni Chaos Knight began the quest for the Orb.
     0 | D:1      | Reached XP level 1. HP: 20/20 MP: 0/0
   134 | D:1      | Reached XP level 2. HP: 24/25 MP: 0/0
   214 | D:1      | XOM: divination: detect creatures
   469 | D:1      | XOM: divination: detect items
   688 | D:1      | Reached XP level 3. HP: 30/30 MP: 0/0
   688 | D:1      | Learned a level 1 spell: Freeze
   938 | D:2      | XOM: cast spell 'Olgreb's Toxic Radiance'
   981 | D:2      | XOM: potion effect (invisibility)
   985 | D:2      | Reached skill level 1 in Spellcasting
   985 | D:2      | Reached skill level 1 in Conjurations
   985 | D:2      | Reached skill level 1 in Hexes
   985 | D:2      | Reached skill level 1 in Summonings
   985 | D:2      | Reached skill level 1 in Necromancy
   985 | D:2      | Reached skill level 1 in Translocations
   985 | D:2      | Reached skill level 1 in Transmutations
   985 | D:2      | Reached skill level 1 in Fire Magic
   985 | D:2      | Reached skill level 1 in Ice Magic
   985 | D:2      | Reached skill level 1 in Air Magic
   985 | D:2      | Reached skill level 1 in Earth Magic
   985 | D:2      | Reached skill level 1 in Poison Magic
   991 | D:2      | HP: 1/30 [gnoll/+0 club (7)]
   992 | D:2      | Slain by a gnoll

Illustrated notes

Levels and vault maps discovered:
D:1:      dpeg_arrival_round_b, layout_loops_corners
D:2:      cheibrodos_helix_gallery, layout_basic, basic_altar

Skill      XL: |  1  2  3 |
---------------+----------+-----
Long Blades    | 3 |  3.0
Spellcasting   | 1 |  1.0
Conjurations   | 1 |  1.0
Hexes          | 1 |  1.0
Summonings     | 1 |  1.0
Necromancy     | 1 |  1.0
Translocations | 1 |  1.0
Transmutations | 1 |  1.0
Fire Magic     | 1 |  1.0
Ice Magic      | 1 |  1.0
Air Magic      | 1 |  1.0
Earth Magic    | 1 |  1.0
Poison Magic   | 1 |  1.0
Fighting       | |  3.2
Armour         | |  1.5
Dodging        | |  2.6

Action                     || total
---------------------------++-------
  Melee: Falchion          ||    76
   Stab: Petrified         ||     1
         Invisible         ||     1
 Armour: Leather armour    ||    46
  Dodge: Dodged            ||    52

Table legend: (Time is in decaauts)
 A = Elapsed time spent in this place.
 B = Non-inter-level travel time spent in this place.
 C = Inter-level travel time spent in this place.
 D = Time resting spent in this place.
 E = Time spent auto-exploring this place.
 F = Levels seen in this place.
 G = Mean time per level.
                   A        B        C        D        E       F      G
               +--------+--------+--------+--------+--------+-----+--------+
         Total |   1003 |    964 |     39 |      0 |    764 |   2 |  501.5 |
       Dungeon |   1003 |    964 |     39 |      0 |    764 |   2 |  501.5 |
               +--------+--------+--------+--------+--------+-----+--------+

Top non-repeatable levels by time:
     D:1: 946 daAuts
     D:2: 56 daAuts
